 Dungeon Crawl Stone Soup version 0.17-a0-877-ga10078a (webtiles) character file.

144 digdugdiggy the Digger (level 5, 0/28 HPs)
             Began as a Gargoyle Earth Elementalist on Apr 30, 2015.
             Slain by an orc
             ... wielding a +0 war axe
              (5 damage)
             ... on level 3 of the Dungeon.
             The game lasted 00:05:22 (2858 turns).

digdugdiggy the Digger (GrEE)                       Turns: 2858, Time: 00:05:23

Health: 0/28       AC:  7    Str: 11    XL:     5   Next: 26%
Magic:  5/10       EV: 12    Int: 17    God:
Gold:   67         SH:  0    Dex: 10    Spells: 3 memorised, 5 levels left

rFire  . . .     SeeInvis .     a - 49 stones
rCold  . . .     Clarity  .     e - +1 robe
rNeg   + . .     SustAb   .     (no shield)
rPois  ∞         Gourm    .     (no helmet)
rElec  +         Spirit   .     (no cloak)
rCorr  .         Warding  .     (no gloves)
rMut   .         Stasis   .     (no boots)
MR     .....                    (no amulet)
Stlth  ++........               (no ring)
                                (no ring)

@: not resistant to hostile enchantments, unstealthy
A: negative energy resistance 1, electricity resistance, unbreathing,
petrification resistance, rot immunity, AC +4
a: no special abilities


You were on level 3 of the Dungeon.
You were not hungry.

You visited 1 branch of the dungeon, and saw 3 of its levels.

You collected 67 gold pieces.

Inventory:

Hand weapons
 b - a +0 club
 k - a +1 whip
Missiles
 a - 49 stones (in hand)
Armour
 e - a +1 robe (worn)
Scrolls
 i - a scroll of identify
 j - a scroll of teleportation
 m - a scroll of fog
Potions
 h - a potion of agility
Books
 c - a book of Geomancy

   Spells                             Type                      Level
   a - Sandblast                      Earth                        1
   b - Stoneskin                      Transmutation/Earth          2
   c - Passwall                       Transmutation/Earth          3
   d - Stone Arrow                    Conjuration/Earth            3
   e - Petrify                        Transmutation/Earth          4
   f - Lee's Rapid Deconstruction     Earth                        5
Comestibles
 d - 5 bread rations
 f - a meat ration
 g - 2 chunks of flesh
 p - 2 fruits


   Skills:
 - Level 1.5 Dodging
 - Level 2.1 Stealth
 + Level 3.7 Spellcasting
 - Level 0.7 Transmutations
 + Level 5.4 Earth Magic


You had 5 spell levels left.
You knew the following spells:

 Your Spells              Type           Power        Failure   Level  Hunger
a - Sandblast             Erth           ###...       1%          1    None
b - Stoneskin             Trmt/Erth      ##......     10%         2    ##.....
c - Stone Arrow           Conj/Erth      ##....       17%         3    ###....


Dungeon Overview and Level Annotations

Branches:
Dungeon (3/15)

Altars:
Xom


Innate Abilities, Weirdness & Mutations

You are resistant to torment.
Your stone body is resilient (AC +4).
You are immune to poison.
You resist negative energy.
You are resistant to electric shocks.
You can survive without breathing.
You are immune to petrification.
You are immune to rotting.


Message History

Casting: Sandblast
Confirm with . or Enter, or press ? or * to list all spells.
Aiming: Sandblast
Press: ? - help, Shift-Dir - straight line, f/p - orc priest
Aim: an orc priest, wielding a hand axe and wearing a leather armour (lightly wounded)
The rocky blast hits the orc priest.
The orc priest is heavily wounded.
The orc closely misses you.
Casting: Sandblast
Confirm with . or Enter, or press ? or * to list all spells.
Aiming: Sandblast
Press: ? - help, Shift-Dir - straight line, f/p - orc priest
Aim: an orc priest, wielding a hand axe and wearing a leather armour (heavily wounded)
The rocky blast hits the orc priest.
The orc priest is severely wounded.
The orc priest invokes the aid of Beogh against you.
Something smites you!
* * * LOW HITPOINT WARNING * * *
The orc hits you with a war axe.
You die...

...........####...
............### ##.
.............### #..
..<.............####..#
#.............##........
.....#.......####..##. #.
.....#.###......#...
.##...#o....##.......#.#.
.......o@......####......
#####..##.......#.....#..
##.##................
#...$>........###...
#....##.....##..###..
#.##. #.#....##...... #
##.....#....##....
##...##........##
#..#.###........#


You could see an orc priest and an orc.

Vanquished Creatures
  An orc wizard (D:3)
  An orc priest (D:3)
  4 adders
  A worm (D:2)
  A giant gecko (D:2)
  4 orcs (D:3)
  5 bats
  A giant cockroach (D:1)
  8 goblins
  2 hobgoblins (D:2)
  4 giant newts
  2 jackals (D:1)
  7 kobolds
  5 rats
46 creatures vanquished.

Notes
Turn   | Place    | Note
--------------------------------------------------------------
     0 | D:1      | digdugdiggy, the Gargoyle Earth Elementalist, began the quest for the Orb.
     0 | D:1      | Reached XP level 1. HP: 10/10 MP: 3/3
   343 | D:1      | Reached skill level 4 in Earth Magic
   421 | D:1      | Reached XP level 2. HP: 15/15 MP: 1/5
   839 | D:1      | You fall through a shaft!
  1125 | D:2      | Reached XP level 3. HP: 19/19 MP: 4/7
  1396 | D:2      | Found a shimmering altar of Xom.
  1412 | D:2      | Learned a level 2 spell: Stoneskin
  1909 | D:2      | Reached XP level 4. HP: 13/24 MP: 5/8
  2521 | D:2      | Learned a level 3 spell: Stone Arrow
  2705 | D:3      | Reached skill level 5 in Earth Magic
  2711 | D:3      | Reached XP level 5. HP: 19/28 MP: 1/10
  2858 | D:3      | Slain by an orc

Action                   |  1- 3 |  4- 6 || total
-------------------------+-------+-------++-------
Melee: Unarmed           |     1 |       ||     1
 Cast: Sandblast         |    49 |    24 ||    73
  Use: Scroll            |       |     6 ||     6
       Potion            |       |     4 ||     4
  Eat: Chunk             |     3 |     3 ||     6
